 Dungeon Sprint DCSS version 0.28-a0-101-g18048e5a82 (webtiles) character file.

Game seed: 3123140551698093984

116 MikeHunt the Thrower (level 5, -12/42 HPs)
             Began as a Hill Orc Hunter on Aug 10, 2021.
             Killed from afar by a deep elf pyromancer (35 damage)
             ... with a bolt of fire
             ... in the Dungeon (Sprint III: "The Ten Rune Challenge").
             The game lasted 00:02:12 (284 turns).

MikeHunt the Thrower (Hill Orc Hunter)               Turns: 284, Time: 00:02:13

Health: -12/42     AC:  4    Str: 15    XL:     5   Next: 1%
Magic:  5/5        EV: 12    Int: 11    God:
Gold:   27         SH:  0    Dex: 14    Spells: 4/4 levels left

rFire   . . .      SeeInvis .   a - +0 short sword
rCold   . . .      Faith    .   (no shield)
rNeg    . . .      Spirit   .   k - +2 robe {Will+}
rPois   .          Reflect  .   (helmet restricted)
rElec   .          Harm     .   (no cloak)
rCorr   .          Rampage  .   (no gloves)
Will    +....      NoTele   +   (no boots)
Stlth   ++........              (no amulet)
HPRegen 0.00/turn               (no ring)
MPRegen 0.09/turn               (no ring)

@: inhibited regen
A: horns 1, agile 1, inhibited regeneration
a: no special abilities


You were in the Dungeon.
You visited 1 branch You collected 27 gold pieces.

Inventory:

Hand Weapons
 a - a +0 short sword (weapon)
Missiles
 d - 2 throwing nets (quivered)
Armour
 b - a +0 leather armour
 k - a +2 robe of willpower (worn)
Scrolls
 m - a scroll of holy word {unknown}
 n - 2 scrolls of identify {unknown}
 p - a scroll of immolation {unknown}
Potions
 e - 2 potions of curing
 g - a potion of haste
 h - 2 potions of magic
 i - a potion of berserk rage
 l - a potion of mutation
 o - a potion of flight {unknown}


   Skills:
 - Level 2.4 Fighting
 + Level 9.4 Throwing
 + Level 1.5 Dodging
 - Level 0.7 Stealth


You had 4 spell levels left.
You didn't know any spells.
Your spell library was empty.

Dungeon Overview and Level Annotations

Branches:
Dungeon (1/1)

Altars:
Elyvilon
Wu Jian
Zin
The Shining One
Beogh


Innate Abilities, Weirdness & Mutations

You have a pair of small horns on your head.
You are agile. (Dex +2)
You do not regenerate when monsters are visible.


Message History

The fire elemental hits you. The fire elemental burns you!
The fire elemental hits you. The fire elemental burns you!
Throw: 3 javelins
Press: ? - help, Q - select action, (/) - cycle Shift-Dir - straight line, f/p - deep elf pyromancer
Aim: a deep elf pyromancer, wielding a +0 long sword of holy wrath (lightly wounded, 54% to hit)
You throw a javelin.
The javelin pierces through the deep elf pyromancer!!
The deep elf pyromancer is heavily wounded.
The fire elemental barely misses you. The fire elemental hits you.
The fire elemental burns you!
* * * LOW HITPOINT WARNING * * *
The fire elemental closely misses you.
Blink to where?
Press: ? - help, Dir - move target, p - deep elf pyromancer
As you read the scroll of blinking, it crumbles to dust. 2 humans come into view.
The human shouts!
The human picks up a dagger.
The human wields a dagger.
Found a runed cloak.
Found a roughly hewn altar of Beogh and an ornate altar of the Wu Jian Council.
Throw: 2 javelins
Press: ? - help, Q - select action, (/) - cycle Shift-Dir - straight line, f - deep elf pyromancer
Aim: a deep elf pyromancer, wielding a +0 long sword of holy wrath (heavily wounded, 54% to hit)
You throw a javelin. The human shouts!
The javelin pierces through the deep elf pyromancer!!
The deep elf pyromancer is almost dead.
The deep elf pyromancer drinks a potion.
The deep elf pyromancer is healed!
You feel much better.
Throw: javelin
Press: ? - help, Q - select action, (/) - cycle Shift-Dir - straight line, f/p - deep elf pyromancer
Aim: a deep elf pyromancer, wielding a +0 long sword of holy wrath (heavily wounded, 54% to hit)
You throw a javelin.
The javelin barely misses the deep elf pyromancer.
The deep elf pyromancer gestures at you while chanting.
The bolt of fire hits the fire elemental.
The fire elemental completely resists.
The bolt of fire hits you!!
Ouch! That really hurt!
You die...

▓▓▓▓▓▓▓▓▓ ▓▓▓ ..'.....♣♣
♣.##### # ..#....♣.♣
♣♣.#_e_# _# ###......♣
♣..#(°.# _.
..#.†..≈♣♣♣♣♣.###'#p###+##
.†#...≈≈♣♣♣...#.(.ep.....#
.)#..≈≈≈≈♣♣♣♣.'.@EE°..○..#
#'#..≈≈≈≈≈≈♣..#...######+#
..#.≈≈≈≈≈≈....#.⌠.#
..#.≈≈≈≈≈.....#...#
..#.≈≈≈.......#+###
###...........#
..............#
▓▓▓▓▓▓▓▓▓▓▓▓▓▓▓


You could see a deep elf pyromancer, 2 fire elementals and 2 humans.

Vanquished Creatures
  A water elemental (D)
  Jessica (D)
  A human (D)
  A wolf (D)
  3 rats (D)
7 creatures vanquished.

Notes
Turn   | Place    | Note
-------+----------+-------------------------------------------
     0 | D        | MikeHunt the Hill Orc Hunter began the quest for the Orb.
     0 | D        | Reached XP level 1. HP: 18/18 MP: 1/1
    10 | D        | Reached skill level 4 in Throwing
    13 | D        | Noticed Jessica
    16 | D        | Killed Jessica
    17 | D        | Reached skill level 6 in Throwing
    17 | D        | Reached XP level 2. HP: 23/25 MP: 2/2
    17 | D        | Reached XP level 3. HP: 28/30 MP: 3/3
    52 | D        | Reached skill level 7 in Throwing
    68 | D        | Reached XP level 4. HP: 37/37 MP: 4/4
    96 | D        | Gained mutation: Your spells are a little easier to cast,
                  | but a little less powerful. [potion of mutation]
    96 | D        | Gained mutation: Your body sometimes deteriorates upon
                  | taking damage. [potion of mutation]
    96 | D        | Gained mutation: You expend magic power (3 MP) to
                  | strengthen your wands. [potion of mutation]
    97 | D        | Lost mutation: Your body sometimes deteriorates upon taking
                  | damage. [potion of mutation]
    97 | D        | Lost mutation: Your spells are a little easier to cast, but
                  | a little less powerful. [potion of mutation]
    97 | D        | Lost mutation: You expend magic power (3 MP) to strengthen
                  | your wands. [potion of mutation]
    97 | D        | Gained mutation: You are frail. (-10% HP) [potion of
                  | mutation]
    97 | D        | Gained mutation: Your magical capacity is low. (-10% MP)
                  | [potion of mutation]
    97 | D        | Gained mutation: You have a pair of small horns on your
                  | head. [potion of mutation]
   105 | D        | Lost mutation: Your magical capacity is low. (-10% MP)
                  | [potion of mutation]
   105 | D        | Lost mutation: You are frail. (-10% HP) [potion of
                  | mutation]
   105 | D        | Lost mutation: You have a pair of small horns on your head.
                  | [potion of mutation]
   105 | D        | Gained mutation: You do not regenerate when monsters are
                  | visible. [potion of mutation]
   105 | D        | Gained mutation: You are agile. (Dex +2) [potion of
                  | mutation]
   105 | D        | Gained mutation: You have a pair of small horns on your
                  | head. [potion of mutation]
   115 | D        | Noticed a water elemental
   121 | D        | Killed a water elemental
   122 | D        | Reached skill level 9 in Throwing
   122 | D        | Reached XP level 5. HP: 22/42 MP: 5/5
   269 | D        | Found a glowing silver altar of Zin.
   269 | D        | Found a glowing golden altar of the Shining One.
   269 | D        | Found a white marble altar of Elyvilon.
   269 | D        | Noticed a deep elf pyromancer
   271 | D        | Noticed a fire elemental
   271 | D        | Noticed a fire elemental
   280 | D        | HP: 1/42 [fire elemental[a deep elf pyromancer] (12)]
   281 | D        | Found a roughly hewn altar of Beogh.
   281 | D        | Found an ornate altar of the Wu Jian Council.
   281 | D        | Noticed a human
   281 | D        | Noticed a human
   284 | D        | Killed from afar by a deep elf pyromancer

Illustrated notes

Levels and vault maps discovered:
D:        dungeon_sprint_mu [sprint_mu_entry_forest, sprint_mu_temple_rooms,
          sprint_mu_d1_spiders, sprint_mu_d2_genie, sprint_mu_d3_branching,
          sprint_mu_orc_legion, sprint_mu_elf_gauntlet, sprint_mu_hive_nellie,
          sprint_mu_lair_fedhas, sprint_mu_vaults_butterflies,
          sprint_mu_slime_circle, sprint_mu_shoals_archi,
          sprint_mu_snake_twists, sprint_mu_blade_basic, sprint_mu_crypt_lich,
          sprint_mu_tomb_spiral, sprint_mu_vestibule_basic,
          sprint_mu_gehenna_hellfire, sprint_mu_dis_giant,
          sprint_mu_tartarus_statrot, sprint_mu_cocytus_islands, sprint_mu_zot1]

Skill      XL: |  1  2  3  4 |
---------------+-------------+-----
Throwing       | 6 7 9 |  9.4
Fighting       | |  2.4
Dodging        | |  1.5
Stealth        | |  0.7

Action                   |  1- 3 |  4- 6 || total
-------------------------+-------+-------++-------
Melee: Short sword       |     7 |       ||     7
Throw: Javelin           |     8 |    10 ||    18
  Use: Potion            |       |     4 ||     4
       Scroll            |       |     1 ||     1
 Stab: Sleeping          |     1 |       ||     1
Armor: Leather armour    |     1 |       ||     1
       Robe              |       |     3 ||     3
Dodge: Dodged            |     3 |     8 ||    11

Table legend: (Time is in decaauts)
 A = Elapsed time spent in this place.
 B = Non-inter-level travel time spent in this place.
 C = Inter-level travel time spent in this place.
 D = Time resting spent in this place.
 E = Time spent auto-exploring this place.
 F = Levels seen in this place.
 G = Mean time per level.
                   A        B        C        D        E       F      G
               +--------+--------+--------+--------+--------+-----+--------+
         Total |    290 |    290 |      0 |    125 |      0 |   1 |  290.0 |
       Dungeon |    290 |    290 |      0 |    125 |      0 |   1 |  290.0 |
               +--------+--------+--------+--------+--------+-----+--------+

Top non-repeatable levels by time:
       D: 290 daAuts
